 Dungeon Crawl Stone Soup version 0.22-a0-447-gee5f723 (webtiles) character file.

602 KristoblXynda the Cudgeler (level 7, -4/90 HPs)
             Began as a Naga Gladiator on June 3, 2018.
             Was an Initiate of Yredelemnul.
             Killed by divine providence
             ... invoked by an orc priest
              (15 damage)
             ... on level 5 of the Dungeon.
             The game lasted 00:09:57 (4520 turns).

KristoblXynda the Cudgeler (Naga Gladiator)         Turns: 4520, Time: 00:09:57

Health: -4/90      AC: 23    Str: 18    XL:     7   Next: 41%
Magic:  7/7        EV:  1    Int:  9    God:    Yredelemnul [......]
Gold:   223        SH:  4    Dex: 12    Spells: 6/6 levels left

rFire    . . .     SeeInvis +   a - +1 flail
rCold    . . .     Gourm    .   j - +0 buckler
rNeg     + + +     Faith    .   (armour currently unavailable)
rPois    +         Spirit   .   (helmet currently unavailable)
rElec    .         Reflect  .   (cloak currently unavailable)
rCorr    .         Harm     .   (gloves currently unavailable)
MR       .....     NoTele   +   (no barding)
Stlth    ++........             b - amulet of rage
HPRegen  0.25/turn              (no ring)
MPRegen  0.10/turn              (no ring)

@: short of breath, tree-form (expiring), berserk cooldown, slowed, very slow
A: large, see invisible, slow metabolism 1, spit poison 1, AC +2
a: Spit Poison, Renounce Religion, Evoke Berserk Rage


You were on level 5 of the Dungeon.
You worshipped Yredelemnul.
Yredelemnul was noncommittal.
You were not hungry.
You were a tree.
You visited 2 branches of the dungeon, and saw 6 of its levels.

You collected 223 gold pieces.

Inventory:

Hand Weapons
 a - a +1 flail (weapon)
Missiles
 d - 2 throwing nets (quivered)
Armour
 c - a +0 helmet (melded)
 e - a +0 ring mail (melded)
 i - a +1 pair of gloves (melded)
 j - a +0 buckler (worn)
Jewellery
 b - an amulet of rage (around neck)
Scrolls
 g - 5 scrolls of teleportation
 k - a scroll of blinking
 l - 3 scrolls of remove curse
 n - a scroll of identify
 u - a scroll of enchant armour
Potions
 h - 2 potions of agility
 m - a potion of cancellation
 s - a potion of brilliance
Comestibles
 f - 11 rations


   Skills:
 - Level 2.0 Fighting
 + Level 5.5 Maces & Flails
 - Level 2.0 Throwing
 + Level 2.4 Armour
 - Level 3.0 Dodging
 + Level 3.7 Stealth
 + Level 2.9 Shields


You had 6 spell levels left.
You didn't know any spells.
Your spell library was empty.

Dungeon Overview and Level Annotations

Branches:
Dungeon (5/15)             Temple (1/1) D:4

Altars:
Ashenzari
Cheibriados
Dithmenos
Elyvilon
Fedhas
Gozag
Hepliaklqana
Makhleb
Okawaru
Trog
Uskayaw
Vehumet
Xom
Yredelemnul
Zin
The Shining One


Innate Abilities, Weirdness & Mutations

You cannot wear boots.
((Your serpentine skin is tough. (AC +2)))
You have supernaturally acute eyesight. (SInv)
((Armour fits poorly on your strangely shaped body.))
((Your system is resistant to poisons. (rPois)))
((You cover ground very slowly.))
You have a slow metabolism.
You can spit poison.


Message History

You are exhausted.
You feel yourself slow down.
The orc priest hits you from afar with a trident.
* * * LOW HITPOINT WARNING * * *
The orc priest hits you but does no damage.
You have got your breath back.
The orc priest hits you but does no damage.
Press: ? - help, Shift-Dir - straight line, f/p - orc priest
Aim: an orc priest, wielding a trident (moderately wounded)
The splash of poison hits the orc priest.
The orc priest is severely wounded.
You feel slightly more hungry. The orc priest barely misses you.
The orc priest hits you but does no damage.
Unknown command.
The orc priest hits you but does no damage.
Your transformation is almost over.
The orc priest mumbles some strange prayers to Beogh against you.
Beogh smites you!
You die...
Your body rises from the dead as a mindless zombie.

....%...#
#######.#.###
J.......# #.#o#
........########
#.# #
................
#.#
#######.########
#.# #o........
... #o########
#.# +♣# ###


You could see 2 orc priests.

Vanquished Creatures
  A phantom (D:4)
  An ogre (D:4)
  A howler monkey (D:4)
  2 hounds
  An orc priest (D:5)
  An orc wizard (D:3)
  2 worker ants (D:4)
  7 gnolls (D:2)
  8 adders
  2 oozes
  4 worms
  A dart slug (D:3)
  2 leopard geckos (D:4)
  4 orcs
  A ball python (D:3)
  6 bats
  5 giant cockroaches
  6 hobgoblins
  7 jackals
  3 frilled lizards
  2 goblins
  4 kobolds
  5 rats
76 creatures vanquished.

Notes
Turn   | Place    | Note
-------+----------+-------------------------------------------
     0 | D:1      | KristoblXynda the Naga Gladiator began the quest for the Orb.
     0 | D:1      | Reached XP level 1. HP: 19/19 MP: 1/1
   151 | D:1      | Reached XP level 2. HP: 26/26 MP: 2/2
   509 | D:2      | Reached XP level 3. HP: 32/32 MP: 3/3
   513 | D:2      | Reached skill level 1 in Shields
   606 | D:2      | Reached XP level 4. HP: 36/39 MP: 4/4
  1564 | D:2      | Reached skill level 4 in Maces & Flails
  1564 | D:2      | Reached skill level 1 in Armour
  1564 | D:2      | Reached XP level 5. HP: 38/45 MP: 5/5
  1574 | D:2      | HP: 1/45 [gnoll (4)]
  3033 | D:4      | Reached skill level 1 in Stealth
  3033 | D:4      | Reached XP level 6. HP: 32/52 MP: 6/6
  3259 | D:4      | Found a staircase to the Ecumenical Temple.
  3291 | D:4      | Reached skill level 5 in Maces & Flails
  3383 | Temple   | Entered the Ecumenical Temple
  3397 | Temple   | Became a worshipper of Yredelemnul the Dark
  3546 | D:4      | Noticed a phantom
  3578 | D:4      | Killed a phantom
  3578 | D:4      | Reached XP level 7. HP: 50/60 MP: 7/7
  4287 | D:5      | Entered Level 5 of the Dungeon
  4520 | D:5      | Killed from afar by an orc priest

Vault maps used:
D:1:      dpeg_arrival_orchard
D:3:      minmay_misc_feat_doors
D:4:      minmay_temple_entry_grid, first_ration
D:5:      grunt_temple_overflow_open, nicolae_qazlal_style_of_elements
Temple:   lightli_temple_of_artemis

Skill      XL: |  1  2  3  4  5  6 |
---------------+-------------------+-----
Throwing       | 2 |  2.0
Shields        | 1 2 |  2.9
Dodging        | 3 |  3.0
Maces & Flails | 4 5 |  5.5
Armour         | 1 2 |  2.4
Stealth        | 1 3 |  3.7
Fighting       | |  2.0

Action                   |  1- 3 |  4- 6 |  7- 9 || total
-------------------------+-------+-------+-------++-------
Melee: Flail             |    64 |   190 |    31 ||   285
Throw: Throwing net      |       |     4 |       ||     4
 Abil: Spit Poison       |     3 |    23 |     8 ||    34
  Use: Potion            |     2 |     1 |     4 ||     7
       Scroll            |       |     4 |    10 ||    14
 Stab: Held in net/web   |       |     2 |       ||     2
       Sleeping          |       |       |     1 ||     1
  Eat: Chunk             |       |     8 |       ||     8
       Ration            |       |       |     1 ||     1
Armor: Ring mail         |    42 |    55 |    20 ||   117
       Skin              |       |       |    13 ||    13
Dodge: Dodged            |    41 |    79 |    13 ||   133
Block: Buckler           |    14 |    46 |    13 ||    73

Table legend:
 A = Spawn XP
 B = Non-spawn XP
 C = Spawn XP percentage of total XP
 D = Spawn monster count
 E = Non-spawn monster count
 F = Spawn count percentage of total count
 G = Total turns spent on level
                    A         B        C        D         E        F      G
               +---------+---------+-------+---------+---------+-------+---------
         Total |       0 |     861 |   0.0 |       0 |      76 |   0.0 |  4520
               +---------+---------+-------+---------+---------+-------+---------
           D:1 |       0 |      20 |   0.0 |       0 |      11 |   0.0 |   471
           D:2 |       0 |     175 |   0.0 |       0 |      25 |   0.0 |  1688
           D:3 |       0 |      93 |   0.0 |       0 |      20 |   0.0 |   857
           D:4 |       0 |     468 |   0.0 |       0 |      16 |   0.0 |  1161
           D:5 |       0 |     105 |   0.0 |       0 |       4 |   0.0 |   233
               +---------+---------+-------+---------+---------+-------+---------
